Unix NetHack Version 5.0.0-0 post-release - last build Jul 19 2026 19:10:59 (3aa4ab31751d3886436d94b585a96704892fd477,branch:main).

Game began 2026-07-22 23:44:28, ended 2026-07-23 00:26:34.

Jinnora, neutral female human Wizard

 -----     ---------
 |....#####.........##?#######
 |...|     |.......|###  *#*#     --------------
 |..^.     ---------#       ######.............|#
 --.--                        #   |..........@..######
   ##                             |............|#    ##
    #                             |............|#     ##
    %                             ---------.----######%#################
    #                                     *                #  ---------.--
    #                                    #                 #  |..........|
 ---|-                                  `                  ###..{........|
 |...|                                                        |..........|
 |.<..######                                                  |....).....|
 |.{.|                                                        |..........|
 |...|                                                        ------------
 -----

Jinnora the Thaumaturge   St:5 Dx:16 Co:14 In:18 Wi:10 Ch:11  Neutral
Dlvl:7  $:442 HP:0(39) Pw:24(50) AC:9  Xp:6/407 T:3043  Burdened Blind

Latest messages:
 You miss the rock mole.
 It misses the rock mole.
 It bites the rock mole.
 The rock mole is killed!
 There is a rock mole corpse here; eat it? [ynq] (n) y
 This rock mole corpse is gamey.
 You finish eating the rock mole corpse.
 You see here 9 rocks.
 You see here a fortune cookie.
 You have a little trouble lifting M - a fortune cookie.
 You see here 10 rocks.
 With great effort you move the boulder.
 You see here 10 rocks.
 You swap places with your large cat.
 You swap places with your large cat.
 The water nymph picks up a sling.
 In what direction? 4
 The spell hits the water nymph!
 In what direction? 4
 The spell hits the water nymph!
 You kill the water nymph!
 Your large cat eats a water nymph corpse.
 You hear some noises in the distance.
 The snake bites!
 The snake's bite was poisoned!
 In what direction? 6
 The spell misses the snake.
 The snake bites!
 The snake's bite was poisoned!
 You feel weaker!
 The snake bites!
 The snake bites!
 In what direction? 6
 The spell hits the snake!
 The snake bites!
 In what direction? 6
 The spell hits the snake!
 You kill the snake!
 The raven bites!
 The raven blinds you!
 You can see again.
 The raven bites!
 The raven blinds you!
 You feel an unseen monster!
 It bites!
 In what direction? 2
 The spell misses it.
 It bites!
 You die...
 Do you want your possessions identified? [ynq] (y) q

Inventory:
 Coins    ('$')
  $ - 442 gold pieces
 Weapons  (')')
  w - 16 uncursed +0 darts
  D - the cursed +0 Grimtooth
  x - an uncursed +0 spear
  a - a blessed +1 quarterstaff (weapon in hands)
 Armor    ('[')
  b - a blessed +0 cloak of magic resistance (being worn)
 Comestibles  ('%')
  n - 2 uncursed slime molds
  v - 2 uncursed food rations
  M - an uncursed fortune cookie
 Scrolls  ('?')
  j - an uncursed scroll of destroy armor
  i - 3 uncursed scrolls of enchant weapon
  E - an uncursed scroll of fire
  r - an uncursed scroll of magic mapping
  C - an uncursed scroll of teleportation
 Spellbooks  ('+')
  l - an uncursed spellbook of detect unseen
  k - a blessed spellbook of force bolt
  B - an uncursed spellbook of wizard lock
 Potions  ('!')
  g - a blessed potion of blindness
  p - an uncursed potion of blindness
  h - 2 uncursed potions of healing
  A - an uncursed potion of oil
  f - a blessed potion of sickness
 Rings    ('=')
  e - an uncursed ring of shock resistance
  q - an uncursed ring of shock resistance
  y - an uncursed ring of stealth
  d - an uncursed ring of warning
 Wands    ('/')
  F - an uncursed wand of digging (0:7)
  c - an uncursed wand of stasis (0:3)
 Tools    ('(')
  K - an empty cursed oilskin sack
  L - an uncursed tooled horn
  I - an uncursed blindfold
  u - an uncursed figurine of a mountain nymph
  s - an uncursed leash
  m - an uncursed magic marker (0:20)
  J - a cursed magic marker (0:21)
 Gems/Stones  ('*')
  G - an uncursed worthless piece of black glass
  z - an uncursed worthless piece of blue glass
  H - an uncursed worthless piece of red glass

Jinnora the Wizard's attributes:

Background:
 You were a Thaumaturge, a level 6 female human Wizard.
 You were neutral, on a mission for Thoth
 who was opposed by Ptah (lawful) and Anhur (chaotic).
 You were right-handed.
 You were in the Dungeons of Doom, on level 7.
 You entered the dungeon 3043 turns ago.
 It was the midnight hour.
 You had 407 experience points, 233 more were needed to attain level 7.

Basics:
 You had 0 out of 39 hit points.
 You had 24 out of 50 energy points (spell power).
 Your armor class was 9.
 Your wallet contained 442 zorkmids.
 Autopickup was off.

Final Characteristics:
 Your strength was 5 (peak:7, limit:18/100).
 Your dexterity was 16 (limit:18).
 Your constitution was 14 (limit:18).
 Your intelligence was 18 (limit:18).
 Your wisdom was 10 (limit:18).
 Your charisma was 11 (limit:18).

Final Status:
 You were temporarily blind.
 You weren't hungry.
 You were burdened; movement was slightly slowed.
 You were wielding a quarterstaff.
 You had basic skill with quarterstaff.

Final Attributes:
 You were piously aligned.
 You were magic-protected.
 You were warded.
 You are dead.

Miscellaneous:
 You encountered 1 bones level.
 Total elapsed playing time was 42 minutes and 6 seconds.

Major events:
 Turn
    1: Jinnora the neutral female human Wizard entered the dungeon
 1088: entered the Gnomish Mines
 1277: attained the rank of Conjurer (level 3)
 1863: found Grimtooth on the floor
 2890: attained the rank of Thaumaturge (level 6)
 3043: killed by a raven

Spells:
 Name                 Level Category     Fail Retention
 force bolt             1   attack         0%   81%-90%
 detect unseen          3   divination    71%  76%-100%
 wizard lock            2   matter        31%  76%-100%

Skills:
 Fighting Skills
   bare handed combat [Unskilled]
   riding             [Unskilled]
 Weapon Skills
   dagger             [Unskilled]
   knife              [Unskilled]
   axe                [Unskilled]
   short sword        [Unskilled]
   club               [Unskilled]
   mace               [Unskilled]
   quarterstaff       [Basic]
   polearms           [Unskilled]
   spear              [Unskilled]
   trident            [Unskilled]
   sling              [Unskilled]
   dart               [Unskilled]
   shuriken           [Unskilled]
 Spellcasting Skills
   attack spells      [Basic]
   healing spells     [Unskilled]
   divination spells  [Unskilled]
   enchantment spells [Basic]
   clerical spells    [Unskilled]
   escape spells      [Unskilled]
   matter spells      [Unskilled]

Voluntary challenges:
 Character rerolling was not enabled.
 You never genocided any monsters.
 You never polymorphed an object.
 You never changed form.
 You used no wishes.
Achievements:
 You entered a shop.
 You entered the Gnomish Mines.
 You attained the rank of Conjurer.
 You attained the rank of Thaumaturge.

 The Dungeons of Doom: levels 1 to 7
    Level 1:
       Many fountains.
    Level 2:
       A scroll shop, a sink.
    Level 3:
    Level 4:
       Stairs down to The Gnomish Mines.
    Level 5:
       A throne.
    Level 6:
    Level 7: <- You were here.
       Some fountains.
       Final resting place for
          you, killed by a raven,
          zachKnight-Wiz-Elf-Mal-Cha, killed by a pony.
 The Gnomish Mines:
    Level 5:


Vanquished creatures:
  a ghost
  a leprechaun
  a gnome ruler
  a snake
  3 bugbears
  a water nymph
  2 rock moles
  a pony
  2 fog clouds
  a gnome leader
  a gray ooze
  a ghoul
  a dwarf
  3 homunculi
  2 kobold leaders
  8 hill orcs
 an iguana
 an acid blob
  a coyote
  a gas spore
  a large kobold
  2 hobgoblins
  2 giant rats
  a yellow mold
  3 gnomes
  a gnome zombie
  3 geckos
  4 jackals
  a fox
  a kobold
  3 goblins
  6 grid bugs
  5 lichens
  3 kobold zombies
  4 newts
74 creatures vanquished.

No species were genocided or became extinct.

Game over:
                       ----------
                      /          \
                     /    REST    \
                    /      IN      \
                   /     PEACE      \
                  /                  \
                  |     Jinnora      |
                  |      442 Au      |
                  |   killed by a    |
                  |      raven       |
                  |                  |
                  |                  |
                  |       2026       |
                 *|     *  *  *      | *
        _________)/\\_//(\/(/\)/\//\/|_)_______

Goodbye Jinnora the Wizard...

You died in The Dungeons of Doom on dungeon level 7 with 2336 points,
and 442 pieces of gold, after 3043 moves.
You were level 6 with a maximum of 39 hit points when you died.

